 Dungeon Crawl Stone Soup version 0.19.5 (webtiles) character file.

254 Monsterracer the Cudgeler (level 6, -8/62 HPs)
             Began as an Ogre Arcane Marksman on Sept 16, 2017.
             Was an Initiate of Okawaru.
             Killed from afar by Bacchus's ghost (13 damage)
             ... with a flame tongue
             ... on level 4 of the Dungeon.
             The game lasted 00:07:31 (4238 turns).

Monsterracer the Cudgeler (Ogre Arcane Marksman)    Turns: 4238, Time: 00:07:32

Health: -8/62      AC:  4    Str: 19    XL:     6   Next: 14%
Magic:  7/7        EV: 15    Int: 12    God:    Okawaru [......]
Gold:   210        SH:  3    Dex: 14    Spells: 0 memorised, 7 levels left

rFire  . . .     SeeInvis .     l - +0 flail (curse)
rCold  . . .     Gourm    .     a - +1 robe
rNeg   . . .     Faith    .     (no shield)
rPois  .         Spirit   .     (helmet restricted)
rElec  .         Reflect  +     (no cloak)
rCorr  .         Harm     .     (gloves unavailable)
MR     .....                    (boots unavailable)
Stlth  ++........               r - +3 amulet of reflection
                                (no ring)
                                o - ring of flight

@: agile
A: unfitting armour, tough skin 1
a: Renounce Religion, Evoke Flight


You were on level 4 of the Dungeon.
You worshipped Okawaru.
Okawaru was noncommittal.
You were not hungry.

You visited 1 branch of the dungeon, and saw 4 of its levels.

You collected 210 gold pieces.

Inventory:

Hand Weapons
 l - a cursed +0 flail (weapon)
Missiles
 c - 67 stones (quivered)
 d - 2 throwing nets {!a}
 s - 6 tomahawks
Armour
 a - a +1 robe (worn)
Jewellery
 o - a ring of flight (left hand)
 r - a +3 amulet of reflection (around neck)
Scrolls
 b - a scroll of enchant armour
 g - 2 scrolls of magic mapping
 t - a scroll of teleportation
 v - a scroll of recharging
Potions
 i - a potion of mutation
 j - a potion of flight {unknown}
 m - a potion of brilliance {unknown}
 q - 2 potions of heal wounds
 u - a potion of ambrosia {unknown}
Comestibles
 f - 2 bread rations
 h - a slice of pizza
 n - 2 beef jerkies


   Skills:
 + Level 4.0 Fighting
 * Level 4.2 Maces & Flails
 * Level 4.0 Throwing
 - Level 1.7 Dodging
 - Level 1.2 Spellcasting
   Level 2.1 Hexes
 + Level 1.0 Invocations


You had 7 spell levels left.
You didn't know any spells.

Dungeon Overview and Level Annotations

Branches:
Dungeon (4/15)
 Temple: D:4-7

Altars:
Gozag
Kikubaaqudgha
Okawaru
Xom

Annotations:
D:4 Bacchus's ghost, amateur DsFE


Innate Abilities, Weirdness & Mutations

You are too large for most types of armour.
You have tough skin. (AC +1)


Message History

Bacchus's ghost is almost destroyed.
Bacchus's ghost barely misses you.
Bacchus's ghost points at you and mumbles some strange words.
The flame tongue hits you!
* * * LOW HITPOINT WARNING * * *
Huge Dmg: -16%(-10hp) hp: 17%(10hp) Unknown command.
You barely miss Bacchus's ghost.
Bacchus's ghost is almost destroyed.
Bacchus's ghost hits you.
* * * LOW HITPOINT WARNING * * *
Huge Dmg: -8%(-5hp) hp: 9%(5hp) Fire/throw which item? (* to show all) (? for menu, Esc to quit)
Press: ? - help, Shift-Dir - straight line, f/p - Bacchus's ghost
Aim: Bacchus's ghost (almost destroyed)
You throw a tomahawk.
The tomahawk closely misses Bacchus's ghost.
Bacchus's ghost points at you and mumbles some strange words.
The flame tongue hits you!
You die...

.....#............#....#...###...
....<.........##..####.##......##
............#.###.# #####..####
...##......#####..# ####
.#...........###..#
.###........?##..## .#
##....##......## .##
#...###.####..#############
..####..###.##.#@W.....(.....?(
##........#####.#..............
##.#.##.#..## ############..(.(
######..#..## ...# #.###..## ...
### ##..## .. #...# . #
##########)..# ###...........##


You could see Bacchus's ghost.

Vanquished Creatures
  A bullfrog skeleton (D:4)
  An orc priest (D:4)
  Ijyb (D:2)
  2 worker ants (D:4)
  3 adders
  An ooze (D:1)
  An adder skeleton (D:4)
  3 dart slugs
  5 leopard geckos
  4 orcs
  4 giant cockroaches
  7 goblins
  9 hobgoblins
  12 jackals
  5 kobolds
  A ball python (D:2)
  5 bats
  8 frilled lizards
  A jackal skeleton (D:4)
  4 rats
78 creatures vanquished.

Notes
Turn   | Place    | Note
-------+----------+-------------------------------------------
     0 | D:1      | Monsterracer the Ogre Arcane Marksman began the quest for the Orb.
     0 | D:1      | Reached XP level 1. HP: 19/19 MP: 2/2
   106 | D:1      | HP: 8/19 [hobgoblin/club (2)]
   325 | D:1      | Reached skill level 1 in Maces & Flails
   325 | D:1      | Reached XP level 2. HP: 28/28 MP: 3/3
  1098 | D:1      | Reached XP level 3. HP: 29/36 MP: 4/4
  1669 | D:2      | Noticed Ijyb
  1685 | D:2      | Killed Ijyb
  1685 | D:2      | Reached XP level 4. HP: 43/44 MP: 5/5
  1803 | D:2      | Found an ancient bone altar of Kikubaaqudgha.
  1803 | D:2      | Found a faded altar of an unknown god.
  1810 | D:2      | Found a faded altar of an unknown god.
  1813 | D:2      | Found a faded altar of an unknown god.
  1814 | D:2      | Found an iron altar of Okawaru.
  1820 | D:2      | Became a worshipper of Warmaster Okawaru
  2701 | D:3      | Found an opulent altar of Gozag.
  2893 | D:3      | Reached XP level 5. HP: 47/53 MP: 6/6
  3765 | D:4      | Found a shimmering altar of Xom.
  3794 | D:4      | Reached XP level 6. HP: 46/62 MP: 7/7
  3935 | D:4      | Reached skill level 1 in Invocations
  4200 | D:4      | Noticed Bacchus's ghost (amateur DsFE)
  4212 | D:4      | HP: 25/62 [Bacchus's ghost/flame tongue (17)]
  4212 | D:4      | HP: 12/62 [Bacchus's ghost/flame tongue (13)]
  4224 | D:4      | HP: 13/62 [adder skeleton (1)]
  4234 | D:4      | HP: 20/62 [Bacchus's ghost/flame tongue (13)]
  4237 | D:4      | HP: 5/62 [Bacchus's ghost (5)]
  4238 | D:4      | Killed from afar by Bacchus's ghost

Skill      XL: |  1  2  3  4  5  6 |
---------------+-------------------+-----
Fighting       | 2 3 4 |  4.0
Maces & Flails | 1 2 3 4 |  4.2
Throwing       | 3 4 |  4.0
Invocations    | 1 |  1.0
Dodging        | |  1.7
Spellcasting   | |  1.2
Hexes          | |  2.1

Action                   |  1- 3 |  4- 6 || total
-------------------------+-------+-------++-------
Melee: Club              |    24 |       ||    24
       Whip              |    98 |       ||    98
       Mace              |    41 |    70 ||   111
       Flail             |       |   118 ||   118
Throw: Large rock        |     4 |     4 ||     8
       Stone             |    21 |    82 ||   103
       Tomahawk          |       |     5 ||     5
  Use: Scroll            |     5 |     5 ||    10
       Potion            |       |     3 ||     3
  Eat: Chunk             |     3 |     8 ||    11
Armor: Robe              |    73 |    48 ||   121
Dodge: Dodged            |   120 |   118 ||   238
Block: Other             |       |    33 ||    33
